 Dungeon Crawl Stone Soup version 0.24-a0-422-g9eff3895ba (webtiles) character file.

Game seed: 14054844909217120805

37090 Ijustatesigmund the Timeless (level 13, -1/92 HPs)
             Began as an Octopode Fighter on June 11, 2019.
             Was a High Priest of Cheibriados.
             Slain by a human (8 damage)
             ... while paralysed by Rupert
             ... on level 13 of the Dungeon on June 12, 2019.
             The game lasted 00:37:29 (17518 turns).

Ijustatesigmund the Timeless (Octopode Fighter)    Turns: 17518, Time: 00:37:30

Health: -1/92      AC:  1    Str: 29    XL:     13   Next: 94%
Magic:  22/22      EV:  2    Int: 29    God:    Cheibriados [*****.]
Gold:   616        SH:  0    Dex: 32    Spells: 9/12 levels left

rFire    . . .     SeeInvis +   v - +10 morningstar of Kaof {flame, Int+4 Dex+2}
rCold    . . .     Gourm    .   b - +5 shield
rNeg     . . .     Faith    .   (helmet restricted)
rPois    +         Spirit   .   j - amulet of the acrobat
rElec    .         Reflect  .   m - ring of resist corrosion
rCorr    +         Harm     .   e - +1 ring of evasion
MR       .....                  t - ring of poison resistance
Stlth    +++++.....             z - ring of see invisible
HPRegen  0.25/turn              (no ring)
MPRegen  0.18/turn              (no ring)
                                (no ring)
                                (no ring)

@: paralysed, very slow
A: almost no armour, stealthy swim, amphibious, 8 rings, constrict 8, camouflage
1, gelatinous body 1
a: Bend Time, Temporal Distortion, Slouch, Step From Time, Renounce Religion


You were on level 13 of the Dungeon.
You worshipped Cheibriados.
Cheibriados was extremely pleased with you.
You were not hungry.

You visited 3 branches of the dungeon, and saw 16 of its levels.

You collected 1439 gold pieces.
You spent 823 gold pieces at shops.

Inventory:

Hand Weapons
 o - a +2 vampiric flail
 s - a +0 morningstar
 v - the +10 morningstar of Kaof (weapon) {flame, Int+4 Dex+2}
   (You found it on level 10 of the Dungeon)

   It has been specially enchanted to burn those struck by it, causing extra
   injury to most foes and up to half again as much damage against particularly
   susceptible opponents.
   It affects your intelligence (+4).
   It affects your dexterity (+2).
Armour
 b - a +5 shield (worn)
Jewellery
 e - a +1 ring of evasion (right tentacle)
 j - an amulet of the acrobat (around mantle)
 m - a ring of resist corrosion (left tentacle)
 t - a ring of poison resistance (on tentacle)
 z - a ring of see invisible (on tentacle)
 C - a +3 ring of intelligence
Wands
 h - a wand of polymorph (20)
 w - a wand of acid (2)
 x - a wand of flame (14)
Scrolls
 a - a scroll of teleportation
 c - 5 scrolls of remove curse
 f - a scroll of identify
 p - a scroll of fear
 q - a scroll of fog
 r - a scroll of enchant armour
 u - a scroll of immolation
 y - a scroll of holy word
 B - a scroll of magic mapping
Potions
 g - 2 potions of brilliance
 i - a potion of magic
 k - 5 potions of flight
 l - a potion of ambrosia
 n - 6 potions of curing
 A - 2 potions of agility
Comestibles
 d - 25 rations


   Skills:
 - Level 10.1 Fighting
 + Level 12.9 Maces & Flails
 + Level 8.4 Dodging
 - Level 5.0 Stealth
 + Level 8.4 Shields
 - Level 4.5 Translocations
 + Level 13.0 Invocations


You had 9 spell levels left.
You knew the following spells:

 Your Spells              Type           Power        Failure   Level  Hunger
a - Magic Dart            Conj           #...         24%         1    ##.....
b - Blink                 Tloc           N/A          6%          2    ###....

Your spell library contained the following spells:

 Spells                   Type           Power        Failure   Level  Hunger
 Corona                   Hex            #......      24%         1    ##.....
 Flame Tongue             Conj/Fire      #....        24%         1    ##.....
 Shock                    Conj/Air       #...         24%         1    ##.....
 Call Imp                 Summ           #.......     36%         2    ###....
 Ensorcelled Hibernation  Hex/Ice        #.....       36%         2    ###....
 Searing Ray              Conj           #.....       36%         2    ###....
 Slow                     Hex            #.......     36%         2    ###....
 Swiftness                Chrm/Air       #.......     36%         2    ###....
 Throw Flame              Conj/Fire      #.....       36%         2    ###....
 Confuse                  Hex            #.......     58%         3    ####...
 Conjure Flame            Conj/Fire      #.......     58%         3    ####...
 Dazzling Spray           Conj/Hex       #.....       58%         3    ####...
 Inner Flame              Hex/Fire       #.......     58%         3    ####...
 Mephitic Cloud           Conj/Pois/Air  #.......     58%         3    ####...
 Static Discharge         Conj/Air       #.......     58%         3    ####...
 Tukima's Dance           Hex            #.......     58%         3    ####...
 Force Lance              Conj/Tloc      ##......     67%         4    #####..
 Airstrike                Air            #.........   94%         4    #####..
 Fulminant Prism          Conj/Hex       #.........   94%         4    #####..
 Iskenderun's Mystic Bla  Conj           #.......     94%         4    #####..
 Sticky Flame             Conj/Fire      #.......     94%         4    #####..
 Fireball                 Conj/Fire      #.........   100%        5    ######.
 Lightning Bolt           Conj/Air       #.........   100%        5    ######.


Dungeon Overview and Level Annotations

Branches:
Dungeon (13/15) Temple (0/1) D:6 Lair (1/6) D:9 Orc (2/2) D:10 Elf (0/3) Orc:1 Orc:2 Vaults (0/5) D:13

Altars:
Cheibriados
Elyvilon
Okawaru
Qazlal
Zin
The Shining One
Beogh

Shops:
D:9 *   D:12 !   Orc:2 :*=*

Annotations:
D:9 3 runed translucent doors, Amnesiac's ghost, journeyman OpTm
D:13 Rupert
Orc:1 2 transporters


Innate Abilities, Weirdness & Mutations

You cannot wear most types of armour.
You are very stealthy in the water. (Stealth+)
You are amphibious.
You can wear up to eight rings at the same time.
You can use your tentacles to constrict eight enemies at once.
Your skin changes colour to match your surroundings (Stealth+).
Your rubbery body absorbs attacks. (AC +1, EV +1)


Message History

Level annotation: Rupert You hear the loud beating of a very distant drum.
The human completely misses you. x2
Rupert roars wildly at you.
You suddenly lose the ability to move!
A centaur comes into view.
The human hits you! The human hits you. The human hits you but does no damage.
The human hits you. x3
Rupert hits you with a +5 battleaxe of electrocution!
The human barely misses you. The human barely misses you.
The human hits you but does no damage. The human hits you!
The human barely misses you.
A centaur comes into view.
An acid dragon comes into view.
The human hits you. The human hits you! The human hits you.
Rupert hits you with a +5 battleaxe of electrocution!!
* * * LOW HITPOINT WARNING * * *
The human hits you!
* * * LOW HITPOINT WARNING * * *
The human hits you!
You die...

... ## .D... .#
.c...#####.####.
....c....[......
................
#.............#
#.....ppJ.....#
#....opppp....#
#....Jp@ppp....>
#.....p@ppa....#
#.....pppc.....#
#.......F......#
#..............#
################


You could see Rupert, an orc knight, 2 slime creatures, 2 centaur warriors, 16
humans, an acid dragon (wandering), a bullfrog, a centaur and a worker ant.

Vanquished Creatures
  Snorg (D:12)
  Harold (D:7)
  A hydra (D:12)
  An anaconda (D:12)
  9 orc high priests
  A two-headed ogre (D:11)
  An unseen horror (D:11)
  3 orc knights
  3 ugly things
  5 orc sorcerers
  2 cyclopes
  Maurice (D:12)
  A spiny frog (Lair:1)
  A gargoyle (D:12)
  Psyche (D:8)
  4 komodo dragons
  A queen bee (D:10)
  5 trolls
  Prince Ribbit (D:6)
  5 hippogriffs
  5 slime creatures (D:12)
  A shadow (D:12)
  A spriggan (D:8)
  3 wraiths (D:11)
  12 yaks
  A wyvern (D:10)
  Eustachio (D:5)
  2 hungry ghosts
  2 steam dragons
  The ghost of Phong the Slasher, an amateur HuGl (D:3)
  Menkaure (D:6)
  8 wargs
  2 water moccasins
  2 acid dragons
  A porcupine (Lair:1)
  Duvessa (D:7)
  4 ice beasts
  19 orc warriors
  An eye of draining (D:11)
  5 sky beasts
  17 centaurs
  10 ogres
  3 phantoms
  5 crocodiles
  6 big kobolds
  Blork the orc (D:5)
  8 bullfrogs
  2 gnoll sergeants (D:5)
  Dowan (D:7)
  5 scorpions
  30 killer bees
  2 centaur zombies
  4 crimson imps
  3 howler monkeys
  A bullfrog zombie (D:12)
  2 quasits
  4 bullfrog skeletons
  6 jellies
  25 orc wizards
  Crazy Yiuf (D:7)
  30 orc priests
  7 hounds
  2 centaur skeletons
  6 iguanas
  7 worker ants
  2 hound skeletons
  2 worker ant zombies
  9 adders
  3 oozes
  2 adder zombies
  An adder skeleton (D:5)
  3 worms
  3 dart slugs
  7 leopard geckos
  97 orcs
  5 bats
  6 giant cockroaches
  2 hobgoblins (D:2)
  12 jackals
  27 kobolds
  4 quokkas
  2 ball pythons
  2 frilled lizards
  10 goblins
  A quokka skeleton (D:4)
  24 rats
  2 fungi (D:7)
535 creatures vanquished.

Vanquished Creatures (others)
  A fungus (Lair:1)
1 creature vanquished.

Grand Total: 536 creatures vanquished

Notes
Turn   | Place    | Note
-------+----------+-------------------------------------------
     0 | D:1      | Ijustatesigmund the Octopode Fighter began the quest for
                  | the Orb.
     0 | D:1      | Reached XP level 1. HP: 16/16 MP: 1/1
   114 | D:1      | Reached XP level 2. HP: 2/21 MP: 2/2
   758 | D:1      | Reached XP level 3. HP: 20/26 MP: 3/3
  1184 | D:2      | Noticed a scorpion
  1191 | D:2      | Killed a scorpion
  1191 | D:2      | Reached XP level 4. HP: 22/31 MP: 4/4
  1318 | D:2      | Found a snail-covered altar of Cheibriados.
  1403 | D:2      | Found a white marble altar of Elyvilon.
  1424 | D:2      | Reached skill level 5 in Maces & Flails
  1424 | D:2      | Reached XP level 5. HP: 33/36 MP: 5/5
  1567 | D:2      | Found a stormy altar of Qazlal.
  1567 | D:2      | Found a glowing silver altar of Zin.
  1625 | D:2      | Became a worshipper of Cheibriados the Contemplative
  1909 | D:3      | Reached * piety under Cheibriados
  1949 | D:3      | Reached skill level 1 in Invocations
  1949 | D:3      | Reached XP level 6. HP: 27/42 MP: 6/6
  2237 | D:3      | Noticed Phong's ghost (amateur HuGl)
  2238 | D:3      | Found a transporter.
  2242 | D:3      | Found a transporter.
  2245 | D:3      | Identified the cursed +1 great mace of the Sun {venom,
                  | Dex+4}
  2408 | D:4      | Noticed a phantom
  2433 | D:4      | Killed a phantom
  2625 | D:4      | Reached skill level 2 in Invocations
  2703 | D:4      | Reached XP level 7. HP: 46/47 MP: 8/8
  2838 | D:4      | Reached ** piety under Cheibriados
  3105 | D:5      | Entered Level 5 of the Dungeon
  3143 | D:5      | Reached skill level 3 in Invocations
  3189 | D:5      | Noticed Blork the orc
  3189 | D:5      | Noticed Eustachio
  3201 | D:5      | HP: 1/48 [hound (3)]
  3615 | D:5      | Reached XP level 8. HP: 37/54 MP: 10/10
  4044 | D:5      | Reached skill level 4 in Invocations
  4078 | D:5      | Reached *** piety under Cheibriados
  4078 | D:5      | Reached skill level 5 in Dodging
  4078 | D:5      | Reached skill level 5 in Shields
  4081 | D:5      | Reached skill level 5 in Fighting
  4082 | D:5      | Killed Blork the orc
  4317 | D:5      | Killed Eustachio
  4317 | D:5      | Reached XP level 9. HP: 25/61 MP: 12/12
  4676 | D:3      | Killed Phong's ghost
  4676 | D:3      | Reached skill level 5 in Invocations
  4879 | D:6      | Noticed Menkaure
  4887 | D:6      | Killed Menkaure
  5311 | D:6      | Found a staircase to the Ecumenical Temple.
  5823 | D:6      | Reached skill level 6 in Invocations
  6034 | D:6      | Reached **** piety under Cheibriados
  6056 | D:6      | Noticed Prince Ribbit
  6064 | D:6      | Killed Prince Ribbit
  6064 | D:6      | Reached XP level 10. HP: 69/69 MP: 14/14
  6243 | D:7      | Noticed Duvessa
  6243 | D:7      | Noticed Dowan
  6254 | D:7      | Killed Duvessa
  6256 | D:7      | Killed Dowan
  6534 | D:7      | Found an iron altar of Okawaru.
  6627 | D:7      | Noticed Harold
  6636 | D:7      | Killed Harold
  6843 | D:7      | Found a runed translucent door.
  6844 | D:7      | Noticed Crazy Yiuf
  6849 | D:7      | Killed Crazy Yiuf
  6880 | D:8      | Noticed Psyche
  6885 | D:8      | Killed Psyche
  6987 | D:8      | Upgraded the game from 0.24-a0-420-g24607be9ce to
                  | 0.24-a0-422-g9eff3895ba
  7073 | D:8      | Reached ***** piety under Cheibriados
  7319 | D:8      | Reached skill level 7 in Invocations
  7451 | D:9      | Found Dautat's Elemental Accessories.
  7660 | D:9      | Reached XP level 11. HP: 39/75 MP: 16/16
  7808 | D:9      | Found a staircase to the Lair.
  7962 | D:9      | Found a glowing golden altar of the Shining One.
  8231 | D:9      | Found a runed translucent gate.
  8231 | D:9      | Found a runed translucent gate.
  8232 | D:9      | Found a runed translucent gate.
  8234 | D:9      | Noticed Amnesiac's ghost (journeyman OpTm)
  8461 | D:10     | Entered Level 10 of the Dungeon
  8597 | D:10     | Reached skill level 1 in Stealth
  8740 | D:10     | Got an ebony morningstar
  8742 | D:10     | Identified the +10 morningstar of Kaof {flame, Int+4 Dex+2}
                  | (You found it on level 10 of the Dungeon)
  8870 | D:10     | Reached skill level 8 in Invocations
  9066 | D:10     | Reached ****** piety under Cheibriados
  9672 | D:10     | Found a staircase to the Orcish Mines.
 10089 | D:11     | Noticed a green ugly thing
 10095 | D:11     | Killed a green ugly thing
 10258 | D:11     | Reached skill level 5 in Stealth
 10261 | D:11     | Learned a level 1 spell: Magic Dart
 10269 | D:11     | Learned a level 2 spell: Blink
 10350 | D:11     | Noticed a two-headed ogre
 10354 | D:11     | Reached skill level 1 in Translocations
 10358 | D:11     | Killed a two-headed ogre
 10358 | D:11     | Reached skill level 9 in Invocations
 10473 | D:11     | Killed an unseen horror
 10473 | D:11     | Reached skill level 10 in Maces & Flails
 10489 | D:11     | Noticed a cyclops
 10511 | D:11     | Killed a cyclops
 10725 | D:11     | Reached XP level 12. HP: 80/82 MP: 19/19
 11266 | D:12     | Noticed Maurice
 11273 | D:12     | Killed Maurice
 11289 | D:12     | Reached skill level 10 in Invocations
 11517 | D:12     | Noticed Snorg
 11528 | D:12     | HP: 2/82 [Snorg (14)]
 12327 | D:12     | Found Lisifiepn's Distillery.
 12335 | D:12     | Bought a potion of might for 56 gold pieces
 12366 | D:12     | Noticed an anaconda
 12366 | D:12     | a slime creature changed into an anaconda
 12370 | D:12     | Killed an anaconda
 12419 | D:12     | Noticed an eight-headed hydra
 12626 | Lair:1   | Entered Level 1 of the Lair of Beasts
 12650 | D:9      | Reached skill level 11 in Invocations
 12954 | Lair:1   | Noticed an eight-headed hydra
 13614 | Orc:1    | Entered Level 1 of the Orcish Mines
 13614 | Orc:1    | Noticed an orc high priest
 13619 | Orc:1    | Killed an orc high priest
 13832 | Orc:1    | Reached XP level 13. HP: 89/89 MP: 21/21
 14328 | Orc:1    | Found a transporter.
 14334 | Orc:1    | Found a roughly hewn altar of Beogh.
 14334 | Orc:1    | Found a transporter.
 14334 | Orc:1    | Noticed an ettin
 14501 | Orc:2    | Entered Level 2 of the Orcish Mines
 14523 | Orc:2    | Found a staircase to the Elven Halls.
 14719 | Orc:2    | Reached skill level 12 in Invocations
 15311 | Orc:2    | Found Tianatyl's Jewellery Boutique.
 16065 | Orc:2    | Found Kilein's General Store.
 16088 | Orc:2    | Bought a scroll of teleportation for 39 gold pieces
 16376 | Orc:2    | Found a roughly hewn altar of Beogh.
 16393 | Orc:2    | Found Qiurch's Assorted Antiques.
 16393 | Orc:2    | Found Fouxane's Book Boutique.
 16406 | Orc:2    | Reached skill level 10 in Fighting
 16426 | Orc:2    | Bought a scroll of teleportation for 108 gold pieces
 16691 | Orc:2    | Bought a +1 ring of evasion for 36 gold pieces
 16691 | Orc:2    | Bought an uncursed ring of poison resistance for 240 gold
                  | pieces
 16704 | Orc:2    | Bought an uncursed ring of see invisible for 195 gold
                  | pieces
 16704 | Orc:2    | Bought a potion of agility for 52 gold pieces
 16704 | Orc:2    | Bought a potion of agility for 52 gold pieces
 16704 | Orc:2    | Bought a scroll of magic mapping for 45 gold pieces
 16902 | D:12     | Killed Snorg
 17185 | D:12     | Reached skill level 13 in Invocations
 17459 | D:13     | Found a gate to the Vaults.
 17459 | D:13     | Noticed Rupert
 17515 | D:13     | Paralysed by Rupert for 5 turns
 17518 | D:13     | Slain by a human

Levels and vault maps discovered:
D:1:      erik_arrival_orb_chamber, layout_rooms, chequers_serial_rivers_micro_a
D:2:      layout_basic, cheibriados_altar_1, minitemple, first_ration,
          minmay_misc_feat_doors, minmay_unequal
D:3:      layout_rooms, gammafunk_ghost_smash
D:4:      layout_basic
D:5:      layout_basic, sword_in_stone, uniq_blork_the_orc
D:6:      layout_rooms, temple_doors_ab, centaur_isle, uniq_prince_ribbit1,
          uniq_menkaure
D:7:      layout_basic, old_standard_altar, uniq_duvessa, uniq_harold,
          uniq_crazy_yiuf_cottage
D:8:      layout_cave_pools, the_bakery, serial_bayou_pond_e, uniq_psyche
D:9:      layout_gridville, nicolae_overflow_hidden_temple, erik_lair_dragon,
          ebering_ghost_rock_garden, nicolae_elemental_shop,
          nicolae_tso_carved_into_rock
D:10:     layout_basic, david_orc_4
D:11:     layout_layer_cave, hangedman_decor_push, corexii_leaking_fountain
D:12:     layout_basic, serial_shops, shop, uniq_maurice, uniq_snorg
D:13:     layout_rooms, david_vaults_3, gauntlet_entry_generic, minivault_8,
          uniq_jorgrun
Lair:1:   wander_river, layout_cave_pods, basic_altar,
          grunt_forest_small_clearings, grunt_megastairs_3
Orc:1:    gammafunk_beogh_shrine, layout_caves, special_room [special_room_bee]
Orc:2:    st_orc_town, layout_caves

Skill      XL: |  1  2  3  4  5  6  7  8  9 10 11 12 13 |
---------------+----------------------------------------+-----
Maces & Flails | 3 4 5 6 7 8 10 11 12 | 12.9
Invocations    | 1 2 3 4 6 7 9 11 13 | 13.0
Fighting       | 4 5 6 7 8 10 | 10.1
Dodging        | 4 5 6 7 8 |  8.4
Shields        | 4 5 6 7 8 |  8.4
Stealth        | 5 |  5.0
Translocations | 3 4 |  4.5

Action                   |  1- 3 |  4- 6 |  7- 9 | 10-12 | 13-15 || total
-------------------------+-------+-------+-------+-------+-------++-------
Melee: Flail             |    57 |   107 |   220 |   219 |       ||   603
       Tentacles         |    11 |    22 |    69 |   172 |    70 ||   344
       Constrict         |    17 |    28 |    40 |    84 |    40 ||   209
       Unarmed           |       |     4 |       |       |       ||     4
       Morningstar       |       |       |       |   228 |   221 ||   449
 Cast: Blink             |       |       |       |     1 |       ||     1
Invok: Slouch            |       |       |       |     8 |     2 ||    10
       Step From Time    |       |       |       |     1 |     1 ||     2
       Bend Time         |       |       |       |     1 |       ||     1
Evoke: Wand              |       |       |       |     9 |     5 ||    14
  Use: Scroll            |     4 |     9 |     9 |    11 |     2 ||    35
       Potion            |     1 |     3 |     2 |     3 |     2 ||    11
 Stab: Sleeping          |     3 |     6 |     4 |    21 |     7 ||    41
       Distracted        |       |     1 |       |     3 |     7 ||    11
       Invisible         |       |       |       |     4 |       ||     4
  Eat: Chunk             |       |     4 |     2 |     3 |     2 ||    11
       Ration            |       |       |     1 |     4 |     1 ||     6
Armor: Skin              |     8 |     5 |    14 |     3 |     4 ||    34
Dodge: Dodged            |    25 |    44 |   111 |   283 |   105 ||   568
Block: Shield            |    19 |    76 |   209 |   509 |   195 ||  1008

Table legend:
 A = Non-vault XP
 B = Vault XP
 C = Vault XP percentage of total XP
 D = Non-vault monster count
 E = Vault monster count
 F = Vault count percentage of total count
                 A         B        C        D         E       F
            +---------+---------+-------+---------+---------+-------
      Total |   35245 |   17742 |  33.5 |     388 |     145 |  27.2
            +---------+---------+-------+---------+---------+-------
        D:1 |      23 |      12 |  34.3 |      11 |      12 |  52.2
        D:2 |     143 |       4 |   2.7 |      18 |       3 |  14.3
        D:3 |     247 |     298 |  54.7 |      38 |       2 |   5.0
        D:4 |     504 |       0 |   0.0 |      22 |       0 |   0.0
        D:5 |     977 |     727 |  42.7 |      26 |       6 |  18.8
        D:6 |    1023 |    1122 |  52.3 |      20 |       8 |  28.6
        D:7 |     242 |    1246 |  83.7 |      10 |       4 |  28.6
        D:8 |     556 |     609 |  52.3 |      18 |       2 |  10.0
        D:9 |    2584 |    1174 |  31.2 |      43 |       6 |  12.2
       D:10 |    1713 |    1072 |  38.5 |      19 |      22 |  53.7
       D:11 |    7108 |       0 |   0.0 |      53 |       0 |   0.0
       D:12 |    9008 |    1621 |  15.3 |      43 |       2 |   4.4
     Lair:1 |    1806 |     501 |  21.7 |       6 |       3 |  33.3
      Orc:1 |    6718 |    2133 |  24.1 |      36 |      22 |  37.9
      Orc:2 |    2593 |    7223 |  73.6 |      25 |      53 |  67.9
            +---------+---------+-------+---------+---------+-------
